Map: Eternal Empire LE

Players

jheffe

  • Race: Terran Terran
  • League: Master
  • Spawn Location: 7:00

Astrea - Winner!

  • Race: Protoss Protoss
  • Spawn Location: 1:00

Event: DreamHack SC2 Masters 2020 Summer North America

VOD

Have the link to the VOD?

Description

Time

  • Played on: July 2, 2020, 4:03 p.m.
  • Length: 6:09

All games in this series

Show
View Real Time Build Order
Export as new Build Order

jheffe Terran 

Build Orders: Reaper Expand 

Get SALT Encoding   

  12  0:00  SCV  
  13  0:12  SCV  
  14  0:17  Supply Depot  
  14  0:25  SCV  
  15  0:38  SCV  
  15  0:41  Barracks  
  16  0:43  Refinery  
  16  0:50  SCV  
  17  1:02  SCV  
  18  1:15  SCV  
  19  1:28  Orbital Command, Reaper  
  20  1:47  Command Center  
  20  1:50  Supply Depot  
  20  1:54  SCV  
  21  2:00  Marine  
  22  2:06  SCV  
  23  2:10  Factory  
  23  2:18  SCV  
  23  2:19  Bunker  
  23  2:22  Barracks Reactor  
  24  2:31  SCV  
  24  2:32  Refinery  
  25  2:43  SCV  
  25  2:56  SCV  
  25  2:57  Starport, Hellion  
  28  2:59  Orbital Command  
  28  3:02  Marine  
  28  3:04  Marine  
  30  3:08  SCV  
  31  3:20  Widow Mine, SCV  
  31  3:21  Marine  
  31  3:22  Marine  
  36  3:28  SCV  
  36  3:32  Supply Depot, SCV  
  38  3:37  Medivac  
  38  3:40  SCV  
  41  3:44  SCV  
  42  3:50  Widow Mine  
  42  3:52  SCV  
  45  3:56  SCV  
  45  4:04  SCV  
  45  4:07  Barracks  
  45  4:08  SCV, Barracks  
  47  4:13  Supply Depot  
  47  4:15  Marine x2  
  47  4:16  SCV  
  50  4:19  Engineering Bay  
  50  4:20  SCV  
  50  4:21  Factory Tech Lab  
  50  4:22  Starport Tech Lab  
  49  4:28  SCV  
  50  4:32  SCV  
  50  4:34  Supply Depot  
  50  4:38  Bunker  
  51  4:40  Siege Tank, SCV  
  51  4:43  Marine  
  56  4:46  Starport Reactor  
  56  4:47  SCV  
  56  4:52  SCV  
  58  4:57  Supply Depot  
  58  4:59  SCV  
  59  5:00  Refinery  
  59  5:01  Marine x2  
  59  5:04  SCV  
  62  5:12  SCV  
  62  5:14  Siege Tank  
  66  5:17  SCV  
  64  5:22  Marine x2  
  64  5:24  SCV  
  67  5:28  Supply Depot  
  67  5:29  SCV  
  67  5:30  Refinery, Marine  
  67  5:31  Marine  
  70  5:36  SCV  
  70  5:40  Marine x2  
  68  5:48  Marine x2, SCV  
  60  5:55  SCV  
Show
View Real Time Build Order
Export as new Build Order

Astrea Protoss - Winner!

Build Orders: 1 Gate Expand, Blink Stalkers 

Get SALT Encoding   

  12  0:00  Probe  
  13  0:12  Probe  
  14  0:16  Pylon  
  14  0:23  Probe  
  15  0:31  Probe  
  16  0:37  Gateway  
  16  0:39  Probe  
  16  0:48  Assimilator  
  17  0:51  Probe  
  18  1:03  Probe  
  19  1:15  Probe  
  20  1:24  Cybernetics Core  
  20  1:32  Nexus  
  20  1:35  Probe  
  21  1:43  Pylon  
  21  1:47  Probe  
  21  1:51  Adept  
  21  1:53  Assimilator  
  22  1:59  Probe  
  25  2:03  Warp Gate  
  25  2:11  Stalker, Probe  
  28  2:25  Probe  
  29  2:37  Twilight Council, Probe  
  32  2:46  Probe  
  32  2:49  Probe  
  32  2:53  Robotics Facility  
  32  2:54  Probe  
  33  3:01  Probe  
  33  3:02  Probe  
  33  3:05  Blink  
  34  3:10  Gateway  
  35  3:13  Probe  
  35  3:15  Gateway  
  35  3:19  Probe  
  37  3:26  Probe  
  38  3:31  Probe  
  38  3:33  Pylon  
  39  3:38  Probe  
  39  3:41  Observer  
  41  3:43  Probe  
  41  3:47  Assimilator  
  42  3:48  Pylon  
  42  3:50  Probe  
  42  3:53  Warp Prism  
  42  3:55  Probe  
  44  4:02  Probe  
  43  4:05  Stalker  
  43  4:07  Probe  
  43  4:09  Stalker  
  50  4:15  Stalker, Probe  
  53  4:19  Probe  
  54  4:27  Probe  
  54  4:29  Assimilator  
  54  4:30  Observer  
  54  4:31  Pylon  
  56  4:38  Observer  
  56  4:40  Stalker x2  
  56  4:41  Stalker, Observer  
  62  4:47  Pylon  
  62  4:51  Probe  
  62  4:52  Probe  
  64  5:04  Stalker x3  
  70  5:07  Probe  
  70  5:10  Observer  
  71  5:14  Robotics Bay  
  71  5:18  Pylon  
  71  5:26  Nexus  
  71  5:28  Stalker x2  
  71  5:30  Stalker  
  77  5:40  Probe  
  77  5:41  Pylon  
  76  5:49  Probe  
  75  5:59  Stalker x3  
Tags
 
Add a new tag
Caveats
  • Supply blocks, unpowered buildings, or Contaminate may cause inaccurate times.
  • Supply counts are checked every 10 seconds.